AoeStats
← LEMI197

Nomad

508129852Analyzed
4v4 RM · 12d ago on Sep 21, 2026· 39m 18s· 8 players
Game mode
Random Map
Map size
231×231
Population
200
Speed
Normal
Resources
Standard
Victory
Conquest
Starting age
Dark Age
Ending age
Imperial Age
RankedLock teamsTeams togetherTeam positionsShared explorationLock speedFull tech treeHidden civsTurbo modeCheats
Victory
Defeat
🇺🇸 Magyars · United States
1139
+14
🇺🇸 Malay · United States
1087
+16
🇺🇸 Vietnamese · United States
1080
+17
🇺🇸 Goths · United States
1001
+20
🇨🇦 Franks · Canada
1108
-17
🇨🇦 Goths · Canada
1096
-17
🇲🇽 Aztecs · Mexico
1088
-44
🇺🇸 Italians · United States
1081
-16
Streetlamp Le Moose
4:20 Loom
13:27 Feudal Age
14:30 Double-Bit Axe
19:30 Castle Age
19:27 Bloodlines
20:35 Wheelbarrow
20:26 Forging
20:22 Scale Barding Armor
20:46 Bow Saw
21:53 Horse Collar
22:38 Heavy Plow
25:39 Iron Casting
28:17 Hand Cart
29:27 Chain Barding Armor
32:12 Fletching
32:13 Town Watch
37:30 Imperial Age
36:03 Husbandry
36:25 Gold Mining
36:25 Stone Mining
37:00 Town Patrol
38:50 Paper Money
39:35 Two-Man Saw
rashbalash
3:45 Loom
16:21 Feudal Age
17:34 Horse Collar
21:52 Castle Age
21:08 Wheelbarrow
21:23 Gold Mining
22:26 Stone Mining
22:26 Man-at-Arms
23:07 Squires
23:28 Long Swordsman
28:39 Scale Mail Armor
30:36 Stone Shaft Mining
29:51 Double-Bit Axe
30:07 Pikeman
32:01 Heavy Plow
37:14 Hand Cart
36:45 Town Watch
37:24 Anarchy
37:56 Bow Saw
Cthpoolu
6:02 Loom
13:37 Feudal Age
18:34 Castle Age
20:50 Fletching
23:43 Scale Barding Armor
27:15 Double-Bit Axe
30:35 Scale Mail Armor
32:42 Pikeman
36:04 Wheelbarrow
40:02 Imperial Age
Milaad
18:32 Feudal Age
18:56 Double-Bit Axe
22:55 Castle Age
22:21 Scale Barding Armor
22:27 Forging
22:09 Fletching
22:19 Padded Archer Armor
24:33 Gold Mining
24:34 Stone Mining
25:12 Medium Warships
25:10 Pikeman
26:59 Loom
27:38 Bow Saw
28:06 Wheelbarrow
27:14 Horse Collar
29:24 Bodkin Arrow
32:57 Hand Cart
35:37 Leather Archer Armor
34:45 Light Cavalry
35:37 Thumb Ring
35:21 Town Watch
37:10 Stone Shaft Mining
37:12 Gold Shaft Mining
36:58 Town Patrol
36:51 Fishing Lines
39:17 Masonry
38:51 Treadmill Crane
39:02 Heated Shot
39:25 Careening
travis
6:28 Loom
16:20 Feudal Age
16:48 Town Watch
16:48 Fishing Lines
19:08 Stone Mining
20:09 Wheelbarrow
22:56 Castle Age
20:48 Double-Bit Axe
24:48 Stone Shaft Mining
23:55 Horse Collar
24:27 Bow Saw
24:02 Horse Collar
25:37 Gold Mining
26:25 Fortified Wall
26:28 Masonry
26:33 Heavy Plow
29:05 Murder Holes
29:19 Fletching
Serving LOVE
5:38 Loom
20:34 Feudal Age
21:06 Fishing Lines
23:14 Wheelbarrow
22:28 Double-Bit Axe
26:06 Town Watch
27:19 Forging
27:09 Scale Mail Armor
LEMI197
13:07 Feudal Age
13:57 Double-Bit Axe
18:13 Wheelbarrow
17:21 Horse Collar
20:21 Forging
27:18 Castle Age
26:24 Scale Mail Armor
Bambam
6:21 Loom
15:02 Feudal Age
21:27 Castle Age
23:24 Scale Barding Armor
25:32 Forging
29:30 Chain Barding Armor
31:06 Iron Casting
31:17 Pikeman
Connection lost

Rejoining the realm…

Still unreachable

The connection could not be restored.

Session expired

The server has moved on; the page needs a fresh start.